 Dungeon Crawl Stone Soup version 0.30-a0-377-g5cb311bc9f (webtiles) character file.

Game seed: 2783017510040175248

875 roflturtle the Conjurer (level 8, -22/41 HPs)
             Began as a Tengu Fire Elementalist on Nov 28, 2022.
             Was an Initiate of Vehumet.
             Annihilated by an ogre
             ... wielding a +0 giant club
              (27 damage)
             ... on level 5 of the Dungeon.
             The game lasted 00:13:41 (4169 turns).

roflturtle the Conjurer (Tengu Fire Elementalist)   Turns: 4169, Time: 00:13:41

Health: -22/41     AC:  3    Str:  8    XL:     8   Next: 4%
Magic:  7/16       EV: 14    Int: 19    God:    Vehumet [......]
Gold:   146        SH:  0    Dex: 14    Spells: 11/17 levels left

rFire   . . .      SeeInvis .    c - +2 dagger (venom)
rCold   . . .      Faith    .    (no shield)
rNeg    . . .      Spirit   .    a - +0 robe
rPois   .          Reflect  .    (helmet restricted)
rElec   .          Harm     .    m - +0 cloak
rCorr   .          Rampage  .    (no gloves)
Will    .....                    (boots unavailable)
Stlth   ++........               (no amulet)
HPRegen 0.26/turn                (no ring)
MPRegen 0.15/turn                (no ring)

@: flying quickly and evasively, quick
A: beak, talons 3, nimble flight
a: Renounce Religion


You were on level 5 of the Dungeon.
You worshipped Vehumet.
Vehumet was noncommittal.
You visited 1 branch of the dungeon, and saw 5 of its levels.

You collected 241 gold pieces.
You spent 95 gold pieces at shops.

Inventory:

Hand Weapons
 c - a +2 dagger of venom (weapon)
 l - a +2 quarterstaff of chaos
Armour
 a - a +0 robe (worn)
 m - a +0 cloak (worn)
Magical Staves
 D - a staff of air
Jewellery
 u - a ring of positive energy
Wands
 q - a wand of mindburst (5)
 z - a wand of light (11)
Scrolls
 d - a scroll of enchant weapon {unknown}
 e - 4 scrolls of teleportation {unknown}
 f - a scroll of brand weapon {unknown}
 h - 2 scrolls of identify {unknown}
 k - a scroll of enchant armour {unknown}
 p - 2 scrolls of magic mapping {unknown}
 r - a scroll of acquirement {unknown}
 v - a scroll of fear {unknown}
 y - a scroll of poison {unknown}
 B - a scroll of fog {unknown}
 E - a scroll of silence {unknown}
Potions
 b - a potion of magic
 g - 2 potions of brilliance {unknown}
 i - 2 potions of curing
 j - a potion of degeneration {unknown}
 n - 2 potions of lignification {unknown}
 o - 2 potions of resistance {unknown}
 s - a potion of flight {unknown}
 t - a potion of experience {unknown}
 w - a potion of mutation {unknown}
 x - a potion of heal wounds {unknown}
 A - 2 potions of invisibility {unknown}
 C - 2 potions of might {unknown}


   Skills:
 - Level 2.1 Dodging
 - Level 2.0 Stealth
 - Level 5.0 Spellcasting
 - Level 6.2 Conjurations
 + Level 1.9 Hexes
 - Level 6.0 Fire Magic


You had 11 spell levels left.
You knew the following spells:

 Your Spells              Type           Power      Damage    Failure   Level
a - Foxfire               Conj/Fire      100%       2x1d9     1%          1
b - Scorch                Fire           54%        2d7       1%          2
c - Inner Flame           Hex/Fire       19%        N/A       8%          3

Your spell library contained the following spells:

 Spells                   Type           Power      Damage    Failure   Level
 Flame Wave               Conj/Fire      28%        2d9       10%         4
 Necrotise                Necr           16%        1d4       12%         1
 Kindle Blastsparks       Fire/Tloc/Air  24%        2d12      16%         3
 Vampiric Draining        Necr           4%         2d6       36%         3
 Agony                    Necr           4%         N/A       98%         5


Dungeon Overview and Level Annotations

Branches:
Dungeon (5/15)
 Temple: D:4-7

Altars:
Ashenzari
Okawaru
Qazlal
Uskayaw
Vehumet

Shops:
D:3 *


Innate Abilities, Weirdness & Mutations

You have a beak for a mouth.
You have claws for feet.
Your magical nature lets you fly swiftly and evasively.


Message History

The gnoll attacks as you move away! The gnoll completely misses you.
The gnoll is no longer moving quickly.
The gnoll bouda gazes fiercely through you!
You feel your attacks grow feeble.
The ogre hits you with a +0 giant club!!
Ouch! That really hurt!
The gnoll closely misses you.
There is a stone staircase leading up, spattered with blood here.
The gnoll attacks as you move away! The gnoll hits you with a +0 club!
* * * LOW HITPOINT WARNING * * *
The gnoll attacks as you move away! The gnoll misses you.
The gnoll bouda barks out a call to the hunt!
The gnoll picks up the pace!
The gnoll attacks as you move away! The gnoll closely misses you.
The gnoll is no longer moving quickly. 2 gnolls come into view.
Found an escape hatch in the ceiling.
Your attacks no longer feel as feeble.
The gnoll shouts!
A gnoll comes into view. It is wielding a +0 halberd.
The gnoll hits you with a +0 club!
* * * LOW HITPOINT WARNING * * *
Okay, then.
A gnoll comes into view. It is wielding a +0 halberd.
The gnoll attacks as you move away! The gnoll misses you.
Found a stone staircase leading down.
The gnoll shouts!
The gnoll closely misses you.
The gnoll shouts!
The gnoll closely misses you.
The gnoll bouda barks out a call to the hunt!
The gnolls pick up the pace!
An iguana and a water moccasin come into view.
The water moccasin hisses angrily.
The iguana hisses angrily.
The water moccasin bites you but does no damage.
There is a stone staircase leading down here.
The water moccasin barely misses you.
The ogre hits you with a +0 giant club!!
Ouch! That really hurt!
You die...

##### #.... #...l## #S@#
##O# #g# #.# #g# ##
####g## ...##..g.g##
..<....gg.g## #######
............#######...g.)


You could see a water moccasin, an ogre, a gnoll bouda, an iguana and 6 gnolls.

Vanquished Creatures
  Grinder (D:4)
  A water moccasin (D:4)
  A black bear (D:5)
  A phantom (D:5)
  2 scorpions (D:4)
  Crazy Yiuf (D:2)
  Natasha (thrice) (D:4)
  2 iguanas
  4 adders
  2 gnolls (D:5)
  A worm (D:4)
  3 dart slugs
  3 orcs
  8 bats
  5 endoplasms
  4 giant cockroaches
  8 goblins
  4 hobgoblins
  6 jackals (D:1)
  2 kobolds
  A quokka (D:1)
  5 ball pythons
  2 frilled lizards
  5 rats
75 creatures vanquished.

Vanquished Creatures (others)
  236 foxfires
  2 plants (D:3)
238 creatures vanquished.

Grand Total: 313 creatures vanquished

Notes
Turn   | Place    | Note
-------+----------+-------------------------------------------
     0 | D:1      | roflturtle the Tengu Fire Elementalist began the quest for
                  | the Orb.
     0 | D:1      | Reached XP level 1. HP: 10/10 MP: 4/4
   117 | D:1      | Reached XP level 2. HP: 15/15 MP: 3/6
   151 | D:1      | Learned a level 2 spell: Scorch
   482 | D:1      | Reached XP level 3. HP: 19/19 MP: 3/7
   486 | D:1      | Learned a level 3 spell: Inner Flame
  1623 | D:2      | Found a runed translucent door.
  1624 | D:2      | Noticed Crazy Yiuf
  1631 | D:2      | Killed Crazy Yiuf
  1632 | D:2      | Reached skill level 5 in Conjurations
  1632 | D:2      | Reached XP level 4. HP: 24/24 MP: 1/8
  1930 | D:3      | Found a stormy altar of Qazlal.
  2022 | D:3      | Found Inkihim's Assorted Antiques.
  2058 | D:3      | Bought a curved bone wand for 76 gold pieces
  2058 | D:3      | Bought a scroll labelled GANLIBLEULI for 19 gold pieces
  2627 | D:3      | Found an iron altar of Okawaru.
  2627 | D:3      | Found a broken altar of Ashenzari.
  2628 | D:3      | Found a hide-covered altar of Uskayaw.
  2844 | D:4      | Noticed a water moccasin
  2867 | D:4      | Noticed a scorpion
  2871 | D:4      | Killed a scorpion
  2872 | D:4      | Gained mutation: Your magical nature lets you fly swiftly
                  | and evasively. [Tengu growth]
  2872 | D:4      | Reached XP level 5. HP: 19/28 MP: 2/11
  3145 | D:4      | Killed a water moccasin
  3146 | D:4      | Reached XP level 6. HP: 14/32 MP: 3/14
  3328 | D:4      | Noticed Natasha
  3334 | D:4      | Killed Natasha
  3335 | D:4      | Reached skill level 5 in Spellcasting
  3376 | D:4      | Noticed Natasha
  3380 | D:4      | Killed Natasha
  3381 | D:4      | Reached XP level 7. HP: 36/36 MP: 4/15
  3508 | D:4      | Noticed Grinder
  3514 | D:4      | Killed Grinder
  3515 | D:4      | Reached skill level 5 in Fire Magic
  3614 | D:4      | Noticed Natasha
  3620 | D:4      | Killed Natasha
  3715 | D:4      | Found a radiant altar of Vehumet.
  3739 | D:4      | Became a worshipper of Vehumet
  4070 | D:5      | Entered Level 5 of the Dungeon
  4137 | D:5      | Reached skill level 1 in Hexes
  4137 | D:5      | Reached XP level 8. HP: 41/41 MP: 9/16
  4159 | D:5      | HP: 2/41 [gnoll/+0 club[a gnoll bouda] (8)]
  4169 | D:5      | Annihilated by an ogre

Illustrated notes

Levels and vault maps discovered:
D:1:      minmay_arrival_jagged, layout_basic
D:2:      layout_basic, uniq_crazy_yiuf_cottage
D:3:      layout_loops_ring, mainiacjoe_overflow_paths,
          gammafunk_temple_overflow_forgotten, serial_shops, shop,
          saegor_snake_ambush
D:4:      layout_loops_cross, vehumet_crystals, cheibrodos_sewer_entry_bend,
          uniq_grinder, uniq_natasha
D:5:      layout_rooms

Skill      XL: |  1  2  3  4  5  6  7 |
---------------+----------------------+-----
Conjurations   | 2 3 5 6 |  6.2
Spellcasting   | 3 4 5 |  5.0
Fire Magic     | 4 6 |  6.0
Hexes          | 1 |  1.9
Dodging        | |  2.1
Stealth        | |  2.0

Action                   |  1- 3 |  4- 6 |  7- 9 || total
-------------------------+-------+-------+-------++-------
Melee: Dagger            |    15 |    33 |       ||    48
       Peck              |     4 |     5 |       ||     9
       Unarmed           |     1 |       |       ||     1
       Kick              |     1 |    12 |       ||    13
       Punch             |       |     1 |       ||     1
 Cast: Foxfire           |    69 |    40 |    38 ||   147
       Scorch            |     4 |     9 |     4 ||    17
       Inner Flame       |       |       |     1 ||     1
  Use: Potion            |       |     1 |       ||     1
 Stab: Sleeping          |       |     2 |       ||     2
Armor: Robe              |     3 |     5 |     2 ||    10
Dodge: Dodged            |    15 |    23 |    11 ||    49

Table legend: (Time is in decaauts)
 A = Elapsed time spent in this place.
 B = Non-inter-level travel time spent in this place.
 C = Inter-level travel time spent in this place.
 D = Time resting spent in this place.
 E = Time spent auto-exploring this place.
 F = Levels seen in this place.
 G = Mean time per level.
                   A        B        C        D        E       F      G
               +--------+--------+--------+--------+--------+-----+--------+
         Total |   4129 |   3973 |    156 |      0 |   3299 |   5 |  825.8 |
       Dungeon |   4129 |   3973 |    156 |      0 |   3299 |   5 |  825.8 |
               +--------+--------+--------+--------+--------+-----+--------+

Top non-repeatable levels by time:
     D:4: 1248 daAuts
     D:1: 1143 daAuts
     D:3: 876 daAuts
     D:2: 765 daAuts
     D:5: 94 daAuts
